 Dungeon Sprint DCSS version 0.20.1-1-g8b1a95d (webtiles) character file.

19336 groucho the Imperceptible (level 12, -18/66 HPs)
             Began as a Spriggan Fighter on Dec 29, 2017.
             Was the Champion of Uskayaw.
             Killed from afar by a fire giant (60 damage)
             ... with a fireball
             ... in the Dungeon (Sprint IX: "|||||||||||||||||||||||||||||").
             The game lasted 00:11:15 (3060 turns).

groucho the Imperceptible (Spriggan Fighter)        Turns: 3060, Time: 00:11:15

Health: -18/66     AC:  8    Str: 17    XL:     12   Next: 35%
Magic:  23/24      EV: 34    Int: 10    God:    Uskayaw [******]
Gold:   551        SH: 13    Dex: 18    Spells: 26/26 levels left

rFire    . . .     SeeInvis +   m - +8 rapier (elec)
rCold    . . .     Gourm    .   c - +0 buckler
rNeg     . . .     Faith    .   s - +2 robe
rPois    +         Spirit   .   (helmet restricted)
rElec    .         Reflect  +   B - +1 cloak
rCorr    .         Harm     .   (gloves unavailable)
MR       ++...     NoTele   +   (boots unavailable)
Stlth    +++++++...             u - +5 amulet of reflection
Regen    0.3/turn               q - ring "Pyefemof" {rPois Str+3 Slay+6 Stlth-}
MPRegen  0.2/turn               n - +2 ring of protection

@: very quick
A: unfitting armour, see invisible, herbivore 3, speed 3, slow metabolism 2
a: Stomp, Line Pass, Grand Finale, Renounce Religion


You were in the Dungeon.
You worshipped Uskayaw.
Uskayaw was pleased with you.
You were not hungry.

You visited 1 branch You collected 1919 gold pieces.
You spent 1368 gold pieces at shops.

Inventory:

Hand Weapons
 m - a +8 rapier of electrocution (weapon)
Armour
 c - a +0 buckler (worn)
 s - a +2 robe (worn)
 B - a +1 cloak (worn)
 C - +0 acid dragon scales
 G - the +3 robe of Folly {Archmagi, MR-- Int+5}
   (You found it in the Dungeon)

   It affects your intelligence (+5).
   It affects your resistance to hostile enchantments.
Jewellery
 a - a +3 ring of strength
 n - a +2 ring of protection (right hand)
 q - the ring "Pyefemof" (left hand) {rPois Str+3 Slay+6 Stlth-}
   (You found it in the Dungeon)

   [ring of poison resistance]

   It affects your strength (+3).
   It affects your accuracy and damage with ranged weapons and melee attacks
   (+6).
   It protects you from poison.
   It makes you less stealthy.
 r - an uncursed ring of see invisible
 u - a +5 amulet of reflection (around neck)
 v - an uncursed ring of poison resistance
 y - an uncursed ring of protection from magic
 z - an uncursed ring of protection from fire
 A - an uncursed ring of protection from fire
Wands
 l - a wand of lightning (7/15)
 p - a wand of iceblast (5/15)
Scrolls
 h - 3 scrolls of remove curse
 j - 2 scrolls of amnesia
 k - 3 scrolls of blinking
 t - 2 scrolls of fear
 E - 2 scrolls of enchant weapon
 F - a scroll of fog
Potions
 b - 2 potions of mutation
 d - 6 potions of curing
 e - 4 potions of heal wounds
 g - 2 potions of berserk rage
 i - 4 potions of magic
 w - 3 potions of resistance
 x - 2 potions of haste
 D - a potion of agility
Comestibles
 f - 13 bread rations
 o - 34 fruits


   Skills:
 + Level 9.1 Fighting
 + Level 14.6 Short Blades
 * Level 19.0 Dodging
 * Level 21.2 Stealth
 + Level 8.2 Shields
 + Level 7.5 Spellcasting
 * Level 13.9 Invocations


You had 26 spell levels left.
You didn't know any spells.

Dungeon Overview and Level Annotations

Branches:
Dungeon (1/1)

Altars:
Cheibriados
Dithmenos
Elyvilon
Fedhas
Gozag
Hepliaklqana
Kikubaaqudgha
Makhleb
Nemelex Xobeh
Okawaru
Qazlal
Ru
Sif Muna
Trog
Uskayaw
Vehumet
Xom
Yredelemnul
Zin
The Shining One
Beogh
Jiyva
Lugonu

Shops:
D !(=(


Innate Abilities, Weirdness & Mutations

You are very small and have problems with some larger weapons.
You are too small for most types of armour.
You have supernaturally acute eyesight. (SInv)
You are a herbivore.
You cover ground extremely quickly.
You need consume almost no food.


Message History

Lightning courses through the red very ugly thing!
The red very ugly thing is heavily wounded.
You hit the red very ugly thing.
Lightning courses through the red very ugly thing!
The red very ugly thing is severely wounded.
The red very ugly thing completely misses you.
You puncture the red very ugly thing!
You kill the red very ugly thing!
Your Dodging skill increases to level 19!
The fire giant casts a spell at you.
The fireball explodes!
The fireball engulfs you!
* * * LOW HITPOINT WARNING * * *
A green ugly thing comes into view.
The green ugly thing gurgles horribly!
Unknown command.
You feel much better.
The fire giant points at you and mumbles some strange words.
The fireball explodes!
The fireball engulfs you!
Ouch! That really hurt!
You die...

▓.▓.▓.▓[▓.▓.▓_▓
▓.▓.▓.▓.▓.▓.▓_▓
▓.▓)▓.▓.▓.▓.▓_▓
▓.▓.▓'▓.▓.▓.▓_▓
▓.▓.▓)▓.▓'▓.▓'▓
▓'▓.▓)▓.▓†▓.▓.▓
▓)▓.▓)▓.▓.▓.▓.▓
▓)▓.▓)▓.▓†▓.▓|▓
▓@▓.▓)▓.▓.▓.▓)▓
▓†▓.▓∩▓.▓†▓.▓[▓
▓C▓.▓)▓.▓.▓.▓[▓
▓Q▓.▓∩▓.▓†▓.▓[▓
▓c▓.▓.▓.▓.▓.▓.▓
▓u▓.▓∩▓.▓)▓.▓.▓
▓u▓.▓.▓.▓.▓.▓'▓
▓.▓.▓∩▓.▓[▓.▓.▓
▓.▓)▓.▓[▓.▓.▓


You could see a fire giant, 2 ugly things, a tengu warrior and a yaktaur.

Vanquished Creatures
  A very ugly thing (D)
  2 hydras (D)
  A centaur warrior (D)
  Erica (D)
  An ogre mage (D)
  An orc high priest (D)
  A two-headed ogre (D)
  A skeletal warrior (D)
  4 lindwurms (D)
  3 orc knights (D)
  9 orc sorcerers (D)
  A manticore (D)
  A black mamba (D)
  Joseph (D)
  Psyche (D)
  3 spiny frogs (D)
  A rime drake (D)
  4 komodo dragons (D)
  A tyrant leech (D)
  A blink frog (D)
  A slime creature (D)
  2 wyverns (D)
  A wraith (D)
  A basilisk (D)
  Grum (D)
  A water moccasin (D)
  3 porcupines (D)
  A sky beast (D)
  7 orc warriors (D)
  An ogre (D)
  4 wolves (D)
  A crocodile (D)
  A bullfrog (D)
  A wight (D)
  A crimson imp (D)
  A jelly (D)
  2 orc priests (D)
  An iguana (D)
  8 orc wizards (D)
  2 worker ants (D)
  An adder skeleton (D)
  3 worms (D)
  A leopard gecko (D)
  9 orcs (D)
  4 hobgoblins (D)
  A frilled lizard (D)
  A jackal skeleton (D)
100 creatures vanquished.

Vanquished Creatures (others)
  A troll (D)
  An orc warrior (D)
2 creatures vanquished.

Grand Total: 102 creatures vanquished

Notes
Turn   | Place    | Note
-------+----------+-------------------------------------------
     0 | D        | groucho the Spriggan Fighter began the quest for the Orb.
     0 | D        | Reached XP level 1. HP: 11/11 MP: 2/2
     8 | D        | Reached skill level 1 in Stealth
     9 | D        | Reached skill level 2 in Stealth
    20 | D        | Reached skill level 3 in Stealth
   202 | D        | Noticed an iguana
   202 | D        | Noticed a worker ant
   213 | D        | Killed an iguana
   213 | D        | Reached skill level 5 in Short Blades
   213 | D        | Reached skill level 6 in Stealth
   213 | D        | Reached XP level 2. HP: 16/16 MP: 3/3
   213 | D        | Reached XP level 3. HP: 19/19 MP: 4/4
   616 | D        | Reached skill level 7 in Stealth
   622 | D        | Found a roughly hewn altar of Beogh.
   622 | D        | Found a snail-covered altar of Cheibriados.
   622 | D        | Found a shadowy altar of Dithmenos.
   622 | D        | Found a white marble altar of Elyvilon.
   622 | D        | Found a blossoming altar of Fedhas.
   622 | D        | Found an opulent altar of Gozag.
   623 | D        | Found a hazy altar of Hepliaklqana.
   624 | D        | Found a viscous altar of Jiyva.
   625 | D        | Found an ancient bone altar of Kikubaaqudgha.
   626 | D        | Found a corrupted altar of Lugonu.
   627 | D        | Found a burning altar of Makhleb.
   628 | D        | Found a sparkling altar of Nemelex Xobeh.
   629 | D        | Found an iron altar of Okawaru.
   630 | D        | Found a stormy altar of Qazlal.
   631 | D        | Found a sacrificial altar of Ru.
   632 | D        | Found a deep blue altar of Sif Muna.
   633 | D        | Found a bloodstained altar of Trog.
   634 | D        | Found a hide-covered altar of Uskayaw.
   635 | D        | Found a radiant altar of Vehumet.
   637 | D        | Found a shimmering altar of Xom.
   638 | D        | Found a basalt altar of Yredelemnul.
   639 | D        | Found a glowing silver altar of Zin.
   640 | D        | Found a glowing golden altar of the Shining One.
   663 | D        | Became a worshipper of Uskayaw the Reveler
   845 | D        | Noticed a two-headed ogre
   845 | D        | Noticed a komodo dragon
   845 | D        | Noticed a wraith
   847 | D        | Reached skill level 5 in Dodging
   847 | D        | Reached skill level 8 in Stealth
   847 | D        | Reached skill level 1 in Invocations
   847 | D        | Reached XP level 4. HP: 23/23 MP: 4/6
   847 | D        | Reached * piety under Uskayaw
   851 | D        | Reached ** piety under Uskayaw
   852 | D        | Killed a two-headed ogre
   852 | D        | Reached skill level 10 in Dodging
   852 | D        | Reached skill level 12 in Stealth
   852 | D        | Reached XP level 5. HP: 30/30 MP: 4/10
   852 | D        | Reached XP level 6. HP: 34/34 MP: 4/11
   852 | D        | Reached XP level 7. HP: 38/38 MP: 4/12
   854 | D        | Killed a komodo dragon
   854 | D        | Reached skill level 13 in Stealth
   854 | D        | Reached *** piety under Uskayaw
   855 | D        | Reached XP level 8. HP: 42/42 MP: 4/14
   855 | D        | Reached **** piety under Uskayaw
   865 | D        | Reached ***** piety under Uskayaw
   866 | D        | Reached skill level 5 in Fighting
   866 | D        | Reached skill level 10 in Short Blades
   869 | D        | Noticed a troll
   869 | D        | Noticed a centaur warrior
   877 | D        | Killed a troll
   885 | D        | Reached ****** piety under Uskayaw
   886 | D        | Killed a centaur warrior
   886 | D        | Reached skill level 14 in Stealth
   886 | D        | Reached skill level 5 in Shields
   886 | D        | Reached XP level 9. HP: 20/48 MP: 7/16
  1268 | D        | Got the ring "Pyefemof" {rPois Str+3 Slay+6 Stlth-}
  1289 | D        | Noticed a komodo dragon
  1289 | D        | Noticed a spiny frog
  1289 | D        | Noticed a spiny frog
  1290 | D        | Noticed a komodo dragon
  1301 | D        | Killed a spiny frog
  1301 | D        | Reached skill level 15 in Stealth
  1301 | D        | Killed a komodo dragon
  1302 | D        | Noticed a four-headed hydra
  1304 | D        | Killed a spiny frog
  1311 | D        | Killed a komodo dragon
  1312 | D        | Reached skill level 16 in Stealth
  1315 | D        | Killed a four-headed hydra
  1315 | D        | Reached skill level 10 in Invocations
  1315 | D        | Reached XP level 10. HP: 41/53 MP: 13/18
  1400 | D        | Noticed a black mamba
  1400 | D        | Noticed a four-headed hydra
  1400 | D        | Noticed a spiny frog
  1406 | D        | Killed a four-headed hydra
  1406 | D        | Reached skill level 17 in Stealth
  1407 | D        | Killed a black mamba
  1407 | D        | Reached skill level 15 in Dodging
  1414 | D        | Killed a spiny frog
  1497 | D        | Noticed a lindwurm
  1497 | D        | Noticed a lindwurm
  1497 | D        | Noticed a lindwurm
  1498 | D        | Noticed a lindwurm
  1499 | D        | Killed a lindwurm
  1499 | D        | Reached skill level 1 in Spellcasting
  1504 | D        | Killed a lindwurm
  1504 | D        | Reached skill level 18 in Stealth
  1506 | D        | Killed a lindwurm
  1506 | D        | Reached XP level 11. HP: 58/58 MP: 20/20
  1506 | D        | Killed a lindwurm
  1720 | D        | Noticed Psyche
  1729 | D        | Killed Psyche
  1754 | D        | Noticed Erica
  1757 | D        | Noticed Grum
  1765 | D        | Killed Erica
  1767 | D        | Killed Grum
  2015 | D        | Noticed an orc high priest
  2034 | D        | Killed an orc high priest
  2034 | D        | Reached skill level 19 in Stealth
  2062 | D        | Noticed an orc knight
  2062 | D        | Noticed an orc knight
  2068 | D        | Noticed an orc knight
  2083 | D        | Killed an orc knight
  2085 | D        | Killed an orc knight
  2085 | D        | Reached skill level 5 in Spellcasting
  2088 | D        | Noticed an orc sorcerer
  2098 | D        | Killed an orc knight
  2106 | D        | Killed an orc sorcerer
  2116 | D        | Found Poib's Distillery.
  2116 | D        | Noticed an orc sorcerer
  2116 | D        | Noticed an orc sorcerer
  2117 | D        | Noticed an orc sorcerer
  2119 | D        | Found Xivuxym's Weapon Shoppe.
  2122 | D        | Killed an orc sorcerer
  2122 | D        | Reached skill level 20 in Stealth
  2123 | D        | Found Orchiteh's Jewellery Emporium.
  2126 | D        | Noticed an orc sorcerer
  2128 | D        | Killed an orc sorcerer
  2129 | D        | Noticed an orc sorcerer
  2137 | D        | Noticed a sun demon
  2139 | D        | Killed an orc sorcerer
  2142 | D        | Found Gyagauva's Weapon Shoppe.
  2147 | D        | Killed an orc sorcerer
  2150 | D        | Noticed an orc sorcerer
  2150 | D        | Noticed an orc sorcerer
  2150 | D        | Noticed an orc sorcerer
  2151 | D        | Killed an orc sorcerer
  2441 | D        | Killed an orc sorcerer
  2441 | D        | Reached XP level 12. HP: 65/65 MP: 22/22
  2602 | D        | Bought a +5 amulet of reflection for 412 gold pieces
  2602 | D        | Bought an uncursed ring of poison resistance for 200 gold pieces
  2610 | D        | Bought 2 potions of resistance for 280 gold pieces
  2610 | D        | Bought a potion of haste for 140 gold pieces
  2610 | D        | Bought a potion of heal wounds for 70 gold pieces
  2610 | D        | Bought a potion of haste for 140 gold pieces
  2610 | D        | Bought 3 potions of curing for 126 gold pieces
  2875 | D        | Noticed Joseph
  2882 | D        | Killed Joseph
  3022 | D        | Noticed an ogre mage
  3038 | D        | Noticed a tengu warrior
  3040 | D        | Killed an ogre mage
  3041 | D        | Noticed a red very ugly thing
  3046 | D        | Reached skill level 21 in Stealth
  3047 | D        | Noticed a fire giant
  3059 | D        | Killed a red very ugly thing
  3060 | D        | Killed from afar by a fire giant

Skill      XL: |  1  2  3  4  5  6  7  8  9 10 11 12 |
---------------+-------------------------------------+-----
Stealth        | 6 8 12 13 14 16 18 20 21 | 21.2
Short Blades   | 5 6 9 11 12 13 14 | 14.6
Dodging        | 5 10 12 14 16 18 19 | 19.0
Invocations    | 1 6 7 8 10 11 13 | 13.9
Fighting       | 4 5 6 7 8 9 |  9.1
Shields        | 4 5 6 7 8 |  8.2
Spellcasting   | 2 6 7 |  7.5

Action                   |  1- 3 |  4- 6 |  7- 9 | 10-12 || total
-------------------------+-------+-------+-------+-------++-------
Melee: Rapier            |    47 |     3 |    47 |   187 ||   284
Invok: Line Pass         |       |       |     1 |     2 ||     3
       Grand Finale      |       |       |       |     1 ||     1
  Use: Potion            |     7 |       |       |     5 ||    12
       Scroll            |     1 |       |     6 |       ||     7
 Stab: Sleeping          |     1 |     2 |     1 |     8 ||    12
       Invisible         |       |     1 |     3 |       ||     4
       Paralysed         |       |       |     2 |    15 ||    17
       Confused          |       |       |     2 |     1 ||     3
  Eat: Fruit             |       |       |       |     6 ||     6
Armor: Robe              |     1 |       |       |     3 ||     4
Dodge: Dodged            |    26 |       |    23 |    61 ||   110
Block: Buckler           |    10 |       |     5 |    26 ||    41
